Map: Dusty Gorge

Players

LOADBLASTER - Winner!

  • Race: Terran Terran
  • League: Grandmaster
  • Spawn Location: 3:00

PureLegacy - Winner!

  • Race: Terran Terran
  • Spawn Location: 5:00

FoRJumY

  • Race: Protoss Protoss
  • League: Master
  • Spawn Location: 11:00

Oink

  • Race: Terran Terran
  • League: Diamond
  • Spawn Location: 9:00

VOD

Have the link to the VOD?

Description

Time

  • Played on: Dec. 1, 2018, 4:28 p.m.
  • Length: 15:39
Show
View Real Time Build Order
Export as new Build Order

LOADBLASTER Terran - Winner!

Build Orders:  

Get SALT Encoding   

  12  0:01  SCV  
  13  0:13  SCV  
  14  0:20  Supply Depot  
  14  0:25  SCV  
  15  0:42  Barracks  
  15  0:46  Refinery  
  15  0:51  SCV  
  16  1:04  Barracks  
  16  1:10  SCV  
  17  1:22  SCV  
  18  1:34  SCV  
  19  1:42  Supply Depot, Reaper  
  19  1:46  Orbital Command  
  20  2:00  Reaper  
  21  2:12  SCV  
  21  2:14  Reaper  
  23  2:24  SCV  
  24  2:35  Command Center  
  25  2:39  Refinery  
  25  2:41  SCV  
  26  2:58  SCV  
  24  3:00  Factory  
  23  3:10  SCV  
  24  3:14  Factory  
  24  3:22  SCV  
  25  3:34  SCV  
  26  3:42  Marine  
  26  3:43  Factory Tech Lab  
  26  3:44  Marine  
  26  3:46  SCV  
  26  3:47  Orbital Command  
  29  3:55  Refinery  
  29  3:57  Factory Tech Lab  
  29  3:58  SCV  
  29  4:01  Cyclone  
  33  4:05  Marine  
  33  4:11  Marine, SCV  
  33  4:14  SCV  
  34  4:21  Cyclone  
  34  4:22  Marine  
  34  4:23  SCV  
  26  4:34  Marine  
  23  4:47  Orbital Command  
  23  4:52  Orbital Command  
  19  4:59  Marine  
  10  5:03  Marine  
  12  5:11  Widow Mine  
  14  5:17  Marine  
  14  5:20  Marine  
  7  5:35  Marine  
  6  5:37  Widow Mine  
  6  5:41  SCV  
  9  6:00  SCV  
  9  6:03  SCV  
  6  6:12  SCV  
  6  6:15  SCV  
  6  6:24  SCV  
  7  6:28  SCV  
  5  6:36  SCV  
  5  6:40  SCV  
  6  6:52  SCV  
  7  7:06  Orbital Command  
  2  7:38  Factory Tech Lab  
  2  7:39  SCV  
  3  7:52  SCV  
  4  8:01  Cyclone  
  4  8:04  SCV  
  8  8:06  Orbital Command  
  8  8:16  SCV  
  9  8:28  SCV  
  9  8:34  SCV  
  11  8:42  SCV  
  11  8:47  SCV  
  13  8:55  SCV  
  11  8:59  SCV  
  12  9:07  SCV  
  14  9:17  SCV  
  14  9:22  SCV  
  15  9:33  SCV  
  15  9:34  SCV  
  17  9:49  SCV  
  17  9:50  SCV  
  19  10:02  SCV  
  21  10:07  SCV  
  21  10:14  SCV  
  22  10:19  SCV  
  8  11:31  SCV  
  9  11:43  SCV  
  10  11:55  SCV  
  10  11:56  Hellion  
  14  12:10  Orbital Command  
  2  12:37  SCV  
  3  12:49  SCV  
  4  13:01  SCV  
  5  13:14  SCV  
  6  13:26  SCV  
  7  13:38  SCV  
  8  15:01  Orbital Command  
Show
View Real Time Build Order
Export as new Build Order

PureLegacy Terran - Winner!

Build Orders:  

Get SALT Encoding   

  12  0:01  SCV  
  13  0:13  SCV  
  14  0:18  Supply Depot  
  14  0:25  SCV  
  15  0:30  Refinery  
  15  0:40  SCV  
  16  0:45  Barracks  
  16  0:52  SCV  
  17  1:04  Barracks  
  17  1:23  Barracks  
  17  1:29  SCV  
  18  1:37  Reaper  
  19  1:42  Orbital Command  
  19  1:49  Refinery  
  19  1:54  Reaper  
  20  2:03  Supply Depot  
  20  2:09  Reaper  
  20  2:14  Reaper  
  20  2:15  SCV  
  23  2:26  Reaper  
  23  2:29  SCV  
  25  2:31  Supply Depot  
  25  2:41  Reaper  
  25  2:42  SCV  
  27  2:49  Reaper  
  28  2:56  SCV  
  29  2:59  Reaper  
  30  3:14  Reaper  
  30  3:16  Command Center  
  30  3:18  SCV  
  32  3:23  Reaper  
  32  3:31  Reaper  
  32  3:47  Reaper  
  32  3:48  SCV  
  33  3:51  Barracks  
  33  3:55  Barracks  
  33  3:56  Reaper, Engineering Bay  
  34  4:09  Reaper  
  34  4:12  SCV  
  31  4:33  Reaper x2  
  30  4:44  SCV  
  30  4:45  Orbital Command  
  31  4:46  Reaper x2  
  33  4:53  Reaper  
  33  4:56  Terran Infantry Weapons Level 1, SCV  
  33  4:59  Bunker x2  
  36  5:08  SCV  
  33  5:16  Barracks Tech Lab  
  32  5:22  SCV x2  
  33  5:28  Marine x3  
  33  5:29  Marine  
  33  5:35  Factory, Marine, Stimpack  
  37  5:38  SCV x2  
  39  5:48  Marine x2  
  39  5:49  Marine  
  42  5:53  Marine  
  42  5:55  SCV x2  
  45  5:58  Supply Depot  
  45  5:59  Marine  
  46  6:07  SCV x2  
  46  6:08  Marine x3  
  46  6:11  Marine  
  52  6:17  Marine  
  53  6:19  SCV x2  
  53  6:24  Supply Depot  
  53  6:25  Marine  
  51  6:39  Marine  
  48  6:40  Marine x3  
  48  6:41  Starport  
  48  6:42  Factory Reactor  
  48  6:43  SCV x2  
  54  6:49  Supply Depot  
  54  6:51  Marine  
  54  6:53  Terran Infantry Armor Level 1  
  55  6:55  SCV x2  
  55  6:59  Supply Depot, Marine x4  
  61  7:07  SCV  
  61  7:08  SCV  
  63  7:10  Marine  
  63  7:11  Supply Depot  
  48  7:33  Marine x5  
  48  7:41  SCV  
  48  7:43  Medivac x2  
  51  7:45  Factory Tech Lab, Combat Shield  
  46  7:52  Marine x5  
  46  7:54  SCV x2  
  53  8:05  Siege Tank  
  56  8:06  SCV x2  
  56  8:11  Barracks Reactor x3  
  58  8:17  Refinery  
  58  8:18  SCV x2  
  58  8:19  Refinery  
  60  8:23  Barracks Reactor  
  60  8:30  Marine, SCV x2  
  63  8:36  Medivac x2  
  63  8:41  Supply Depot  
  67  8:42  SCV  
  67  8:47  Barracks, Marine  
  67  8:48  Supply Depot  
  69  8:50  Barracks  
  69  9:00  Marine x4  
  69  9:01  Marine x4  
  77  9:03  Siege Tank  
  73  9:15  Marine  
  61  9:18  Marine x2  
  61  9:34  SCV x2  
  61  9:37  Marine, Barracks Reactor x2  
  61  9:38  Marine x8, Siege Tank  
  69  9:42  Armory  
  69  9:43  Supply Depot  
  72  9:45  Engineering Bay  
  72  9:46  SCV x2  
  72  9:48  Barracks  
  72  9:49  Barracks  
  74  9:54  Medivac  
  74  9:55  Medivac, Marine x4  
  74  9:58  SCV  
  74  9:59  SCV  
  84  10:02  Marine x3  
  84  10:03  Marine x2  
  89  10:11  Siege Tank  
  89  10:13  Marine x4  
  96  10:16  Supply Depot  
  96  10:20  Marine x3  
  99  10:25  Marine  
  99  10:26  Marine x2  
  102  10:29  Supply Depot  
  102  10:30  Medivac x2  
  102  10:34  Marine x5  
  102  10:35  Marine  
  103  10:43  Marine x3, Siege Tank  
  103  10:44  Marine  
  101  10:51  Marine x2  
  101  10:56  Marine x2  
  105  10:57  Marine x3  
  112  11:05  Supply Depot x2, Marine x2  
  114  11:12  Marine x4  
  114  11:13  Marine x2  
  114  11:14  Marine  
  114  11:15  Siege Tank  
  124  11:19  Marine  
  124  11:22  Terran Infantry Weapons Level 2  
  124  11:23  Terran Infantry Armor Level 2  
  121  11:27  Command Center  
  121  11:31  Marine x3  
  122  11:33  Marine x3  
  122  11:34  Marine x2  
  122  11:37  Marine x3  
  130  11:44  Terran Vehicle Weapons Level 1  
  130  11:45  Supply Depot  
  97  12:03  Siege Tank  
  97  12:04  Marine x2  
  97  12:05  Marine  
  97  12:07  Marine x5  
  102  12:17  Marine x2  
  102  12:18  Marine x2  
  102  12:19  Marine  
  97  12:23  Marine x3  
  95  12:30  Marine x2  
  95  12:33  Marine x2  
  96  12:48  Marine  
  96  12:49  Marine x3  
  96  12:50  Medivac  
  102  13:04  Medivac  
  102  13:05  Siege Tank  
  107  13:19  Marine  
  106  13:20  Medivac, Marine x2  
  106  13:23  Marine x2  
  89  13:36  Marine x2  
  89  13:37  Marine x2  
  89  13:49  Marine x6  
  95  13:59  Orbital Command  
  95  14:00  Marine x3  
  95  14:01  Marine x3  
  101  14:06  Marine  
  101  14:07  Marine  
  101  14:09  Marine x5  
  108  14:18  Marine x3  
  108  14:19  Sensor Tower  
  108  14:24  Marine  
  112  14:32  Marine x2  
  112  14:33  Marine x3  
  115  14:44  Marine x4  
  112  14:46  Marine x3  
  112  14:47  Marine  
  112  14:51  Marine x2  
  118  14:58  Marine x3  
  118  14:59  Siege Tank  
  124  15:00  Medivac x2  
  124  15:02  Marine  
  129  15:12  Marine x2  
  131  15:20  Marine x3  
  131  15:21  Marine x2  
  130  15:24  Refinery  
Show
View Real Time Build Order
Export as new Build Order

FoRJumY Protoss 

Build Orders:  

Get SALT Encoding   

  12  0:00  Probe  
  13  0:13  Probe  
  14  0:18  Pylon  
  14  0:25  Probe  
  15  0:38  Probe  
  15  0:40  Gateway  
  16  0:46  Probe  
  16  0:52  Assimilator  
  16  0:54  Probe  
  18  1:04  Probe  
  18  1:06  Assimilator  
  19  1:19  Pylon  
  19  1:23  Probe  
  20  1:27  Cybernetics Core  
  20  1:35  Probe  
  21  1:47  Probe  
  23  2:04  Robotics Facility  
  23  2:06  Adept, Robotics Facility  
  24  2:16  Probe  
  25  2:33  Probe  
  26  2:40  Adept  
  28  3:02  Pylon  
  28  3:10  Immortal  
  28  3:13  Immortal  
  28  3:16  Pylon  
  32  3:49  Warp Prism, Immortal  
  38  3:59  Shield Battery  
  36  4:28  Immortal  
  32  4:55  Immortal  
  35  5:17  Warp Prism  
  30  5:36  Adept  
  30  5:39  Observer  
  23  6:39  Immortal  
  23  7:25  Immortal  
  15  7:39  Probe  
  16  8:02  Warp Prism  
  18  8:14  Probe  
  18  8:19  Observer  
  20  8:26  Probe  
  21  8:38  Probe  
  22  9:05  Immortal  
  26  9:11  Probe  
  21  9:34  Probe  
  18  9:44  Immortal  
  22  9:46  Probe  
  22  9:47  Observer  
  22  9:52  Warp Prism  
  25  10:07  Probe  
  26  10:29  Immortal  
  30  10:49  Immortal  
  34  10:58  Probe  
  35  11:19  Immortal  
  35  11:22  Stalker  
  41  11:39  Probe  
  42  12:05  Probe  
  43  12:24  Warp Prism  
  39  12:33  Probe  
  32  12:38  Observer  
  32  12:41  Warp Gate  
  32  12:46  Nexus  
  32  12:47  Observer  
  32  13:13  Immortal  
  36  13:45  Immortal  
  28  13:52  Probe  
  29  13:58  Warp Prism  
  31  14:16  Probe  
  32  14:31  Gateway  
  32  14:44  Stalker  
  34  14:50  Observer  
  34  14:52  Probe x2  
  37  14:55  Pylon  
  32  15:16  Stalker  
Show
View Real Time Build Order
Export as new Build Order

Oink Terran 

Build Orders:  

Get SALT Encoding   

  12  0:00  SCV  
  13  0:12  SCV  
  14  0:18  Supply Depot  
  14  0:24  SCV  
  15  0:31  Refinery  
  15  0:40  SCV  
  16  0:47  Barracks  
  16  0:52  SCV  
  17  1:04  SCV  
  17  1:08  Barracks  
  18  1:16  SCV  
  19  1:26  Barracks  
  19  1:34  Reaper  
  20  1:40  Orbital Command  
  20  1:53  Supply Depot  
  20  1:55  Reaper  
  20  2:01  Refinery  
  21  2:05  SCV  
  21  2:07  Barracks Tech Lab  
  22  2:14  Barracks Tech Lab  
  22  2:20  SCV  
  24  2:42  Marauder x2  
  28  2:44  Reaper  
  28  2:45  SCV  
  28  2:48  Supply Depot x2  
  29  2:52  Stimpack  
  29  3:15  Marauder x2  
  29  3:16  Concussive Shells  
  33  3:22  Supply Depot  
  33  3:23  Supply Depot  
  33  3:36  Marauder  
  35  3:47  Reaper  
  36  3:49  Marauder  
  38  3:57  SCV, Marauder  
  34  4:49  SCV  
  34  4:52  Marauder x2  
  34  5:20  Marine, Marauder x2  
  39  5:21  SCV  
  39  5:25  Factory  
  36  5:33  SCV  
  37  5:40  Engineering Bay  
  37  5:41  Engineering Bay  
  37  5:45  Barracks x2, Command Center  
  37  5:51  Marauder  
  37  5:52  Marauder, Combat Shield  
  41  6:04  SCV  
  41  6:07  Barracks Reactor  
  42  6:11  Factory Reactor  
  42  6:14  Starport  
  42  6:18  Marine x2, SCV  
  43  6:19  Terran Infantry Weapons Level 1  
  43  6:20  Terran Infantry Armor Level 1  
  45  6:27  Supply Depot  
  45  6:36  Marine  
  46  6:46  Marine x5  
  51  6:52  Supply Depot  
  51  6:54  Marine  
  52  7:04  Marine  
  52  7:05  Marine  
  52  7:06  Marine x2  
  32  7:54  Marine x4  
  32  7:56  Barracks Reactor x2, Orbital Command  
  36  7:59  Refinery x2  
  36  8:02  Factory Tech Lab, Medivac x2  
  40  8:08  Armory  
  40  8:11  Marine x2  
  42  8:16  SCV  
  43  8:21  Marine x2  
  43  8:23  Siege Tank  
  48  8:31  Marine  
  48  8:32  Marine  
  50  8:35  Marine x2  
  50  8:39  Marine x4  
  56  8:44  SCV x2  
  56  8:48  Supply Depot  
  58  8:49  Marine  
  42  9:24  Marine x4  
  42  9:25  Marine x3  
  42  9:26  Medivac x2, SCV x2  
  55  9:38  SCV  
  55  9:39  SCV  
  55  9:40  Terran Infantry Weapons Level 2  
  55  9:44  Engineering Bay  
  57  9:50  Marine x4  
  61  9:53  SCV  
  62  10:09  Marine x2  
  62  10:10  Marine x6  
  65  10:55  Marine x4  
  65  10:56  Marine x2  
  71  11:06  Marine x2  
  73  11:13  Marine x6  
  79  11:32  Marine x6  
  82  11:33  Marine x2  
  82  11:34  Medivac x2, Siege Tank  
  94  11:47  Terran Infantry Armor Level 2  
  94  11:50  Marine x2  
  86  12:00  Marine  
  86  12:01  Marine x5  
  59  12:07  Marine  
  63  12:22  Marine x4, Siege Tank  
  61  12:23  Marine x3  
  61  12:26  Terran Infantry Weapons Level 3  
  64  12:49  Marine x3  
  64  12:50  Marine x4  
  71  12:51  Medivac  
  71  12:52  Medivac, SCV  
  71  12:53  SCV  
  71  12:54  Siege Tank  
  80  13:02  Marine  
  81  13:07  Marine x2  
  81  13:10  Marine x2  
  81  13:11  Marine x3  
  59  13:37  Marine x3  
  59  13:38  Marine x5  
  59  13:39  Medivac, Siege Tank  
  59  13:40  Medivac  
  71  13:55  Marine x3  
  74  14:03  Marine x3  
  74  14:04  Marine  
  74  14:07  Marine  
  74  14:08  Command Center  
  78  14:19  Marine x2  
  78  14:20  Marine  
  78  14:21  Marine  
  82  14:28  Marine x3, SCV  
  82  14:29  Marine  
  87  14:37  Marine  
  84  14:50  Marine x7  
  89  14:55  Marine  
  90  15:07  Marine  
  90  15:08  Marine  
Tags
 
Add a new tag
Caveats
  • Supply blocks, unpowered buildings, or Contaminate may cause inaccurate times.
  • Supply counts are checked every 10 seconds.